 Dungeon Crawl Stone Soup version 0.29-a0-459-g97dee8cd24 (webtiles) character file.

Game seed: 12886709718793545598

127 siradein the Grave Robber (level 4, -21/30 HPs)
             Began as a Vampire Necromancer on May 20, 2022.
             Demolished by an ogre
             ... wielding a +0 giant club
              (25 damage)
             ... on level 3 of the Dungeon.
             The game lasted 00:08:41 (2598 turns).

siradein the Grave Robber (Vampire Necromancer)     Turns: 2598, Time: 00:08:41

Health: -21/30     AC:  2    Str:  7    XL:     4   Next: 85%
Magic:  6/9        EV: 12    Int: 19    God:
Gold:   118        SH:  0    Dex: 14    Spells: 6/10 levels left

rFire   . . .      SeeInvis +   p - +8 trident of the Octopus King {venom, rElec rPois}
rCold   . . .      Faith    .   (no shield)
rNeg    . . .      Spirit   .   a - +0 robe
rPois   +          Reflect  .   (no helmet)
rElec   +          Harm     .   (no cloak)
rCorr   .          Rampage  .   (no gloves)
Will    .....                   (no boots)
Stlth   ++........              (no amulet)
HPRegen 0.30/turn               (no ring)
MPRegen 0.11/turn               (no ring)

@: healing quickly
A: alive, fangs 3, see invisible, vampiric 2
a: Exsanguinate


You were on level 3 of the Dungeon.
You visited 1 branch of the dungeon, and saw 3 of its levels.

You collected 128 gold pieces.
You spent 10 gold pieces at shops.

Inventory:

Hand Weapons
 p - the +8 trident of the Octopus King (weapon) {venom, rElec rPois}
   (You found it on level 3 of the Dungeon)

   It poisons the flesh of those it strikes.
   rElec:     It insulates you from electricity.
   rPois:     It protects you from poison.
Missiles
 o - 4 curare-tipped darts
Armour
 a - a +0 robe (worn)
Wands
 n - a wand of iceblast (3)
Scrolls
 d - a scroll of immolation {unknown}
 g - a scroll of amnesia {unknown}
 h - 2 scrolls of identify {unknown}
 j - a scroll of magic mapping {unknown}
 k - a scroll of torment {unknown}
 l - a scroll of teleportation {unknown}
 m - a scroll of enchant armour {unknown}
Potions
 b - a potion of magic
 e - 2 potions of curing {unknown}
 f - 2 potions of haste {unknown}
 i - a potion of brilliance {unknown}


   Skills:
 - Level 2.1 Dodging
 - Level 3.0 Stealth
 + Level 3.6 Spellcasting
 + Level 5.7 Necromancy


You had 6 spell levels left.
You knew the following spells:

 Your Spells              Type           Power      Damage    Failure   Level
a - Necrotize             Necr           100%       1d9       1%          1
b - Vampiric Draining     Necr           25%        2d7       4%          3

Your spell library contained the following spells:

 Spells                   Type           Power      Damage    Failure   Level
 Animate Dead             Necr           25%        N/A       13%         4
 Sting                    Tmut/Pois      12%        1d3       14%         1
 Blink                    Tloc           6%         N/A       22%         2
 Poisonous Vapours        Pois/Air       6%         N/A       22%         2
 Agony                    Necr           25%        N/A       36%         5
 Dazzling Flash           Conj/Hex       6%         N/A       41%         3
 Lesser Beckoning         Tloc           3%         N/A       41%         3
 Iskenderun's Mystic Bla  Conj/Tloc      3%         2d3       82%         4
 Olgreb's Toxic Radiance  Pois           3%         N/A       82%         4
 Manifold Assault         Tloc           3%         N/A       99%         5
 Starburst                Conj/Fire      1%         6d3       100%        6
 Storm Form               Tmut/Air       1%         N/A       100%        7


Dungeon Overview and Level Annotations

Branches:
Dungeon (3/15)

Altars:

Shops:
D:1 !*!!*

Annotations:
D:2 1 runed translucent door, Crazy Yiuf
D:3 1 runed translucent door, bande's ghost, amateur GrFi


Innate Abilities, Weirdness & Mutations

Your natural rate of healing is accelerated.
You have razor-sharp teeth.
You have supernaturally acute eyesight. (SInv)
You are afflicted with vampirism and can become a bat while bloodless.


Message History

a +0 hunting sling; a +0 dagger You swap places.
Your goblin skeleton crumbles into dust!
A ball python is nearby!
A ball python is nearby!
A ball python is nearby!
The ball python hisses angrily.
You reach to attack!
You hit the ball python.
You kill the ball python!
h - 2 scrolls labelled SEN LOXAEPOT (gained 1)
A frilled lizard comes into view.
Found 9 gold pieces.
You reach to attack!
The helpless frilled lizard fails to defend itself.
You hit the frilled lizard.
You kill the frilled lizard!
You now have 118 gold pieces (gained 9).
A goblin and an ogre come into view.
The goblin shouts!
The ogre shouts!
The goblin moves out of view.
An ogre is nearby!
An ogre is nearby!
An ogre is nearby!
An ogre is nearby!
You reach to attack!
You puncture the ogre!
The ogre is moderately wounded.
You hit the ogre.
The ogre is poisoned.
The ogre is heavily wounded.
The ogre hits you with a +0 giant club!!
Ouch! That really hurt!
* * * LOW HITPOINT WARNING * * *
Casting: Necrotize (safe; 1% risk of failure)
Confirm with . or Enter, or press ? or * to list all spells.
Aiming: Vampiric Draining (dangerous; 4% risk of failure)
Press: ? - help, Shift-Dir - straight line, f/p - ogre
Aim: an ogre, wielding a +0 giant club (heavily wounded, very poisoned)
You draw life force from the ogre.
You feel life coursing into your body.
The ogre hits you with a +0 giant club!!
Ouch! That really hurt!
You die...

### ##.## ######
############.#.###.....
#....O@.....###....####
#.##########.#.#.######
#. ##.##.# #... #.
#.##.# #... #O #.##.#
#... .. #.##.###### ##
#####)##.......
#...........)..
#.###.########.


You could see an ogre (very poisoned).

Vanquished Creatures
  3 gnolls (D:3)
  3 adders
  3 worms (D:2)
  A dart slug (D:1)
  5 ball pythons
  3 endoplasms
  2 giant cockroaches
  9 goblins
  6 hobgoblins
  3 jackals (D:1)
  2 kobolds
  6 quokkas
  4 bats
  2 frilled lizards
  4 rats
56 creatures vanquished.

Vanquished Creatures (collateral kills)
  A hobgoblin (D:1)
  A rat (D:1)
2 creatures vanquished.

Grand Total: 58 creatures vanquished

Notes
Turn   | Place    | Note
-------+----------+-------------------------------------------
     0 | D:1      | siradein the Vampire Necromancer began the quest for the
                  | Orb.
     0 | D:1      | Reached XP level 1. HP: 13/13 MP: 3/3
    89 | D:1      | Reached XP level 2. HP: 19/19 MP: 1/5
   218 | D:1      | Found Voha's General Store.
   227 | D:1      | Found Oblaijih's Distillery.
   290 | D:1      | Found Yquhul's Distillery.
   314 | D:1      | Found Neuni's Distillery.
   391 | D:1      | Bought a potion of degeneration for 10 gold pieces
   660 | D:1      | Reached skill level 5 in Necromancy
   736 | D:1      | Found Plog's General Store.
   746 | D:1      | Gained mutation: You are afflicted with vampirism and can
                  | become a bat while bloodless. [Vampire growth]
   746 | D:1      | Reached XP level 3. HP: 24/24 MP: 5/7
   754 | D:1      | Learned a level 3 spell: Vampiric Draining
   884 | D:1      | Found a faded altar of an unknown god.
  1638 | D:2      | Reached XP level 4. HP: 30/30 MP: 5/8
  1871 | D:2      | Found a runed translucent door.
  1872 | D:2      | Noticed Crazy Yiuf
  2093 | D:3      | Noticed bande's ghost (amateur GrFi)
  2202 | D:3      | Found a runed translucent door.
  2517 | D:3      | Found the +8 trident of the Octopus King {venom, rElec
                  | rPois}
  2589 | D:3      | Noticed an ogre
  2598 | D:3      | Demolished by an ogre

Illustrated notes

Levels and vault maps discovered:
D:1:      matt_arrival_los_fun, layout_rooms, serial_shops,
          nicolae_shop_behind_doors, shop_fountains, shop, shop, shop,
          hellmonk_ecumenical_altar_prayer_group
D:2:      layout_loops_ring, uniq_crazy_yiuf_cottage
D:3:      layout_loops_ring, hellmonk_ghost_happy_afterlife,
          chequers_decorated_corner, uniq_terence

Skill      XL: |  1  2  3 |
---------------+----------+-----
Necromancy     | 5 |  5.7
Spellcasting   | 3 |  3.6
Dodging        | |  2.1
Stealth        | |  3.0

Action                   |  1- 3 |  4- 6 || total
-------------------------+-------+-------++-------
Melee: Dagger            |    22 |       ||    22
       Bite              |     3 |       ||     3
       Unarmed           |     1 |       ||     1
       Trident           |       |     5 ||     5
 Cast: Necrotize         |    77 |    30 ||   107
       Vampiric Draining |       |     1 ||     1
 Stab: Sleeping          |       |     2 ||     2
Armor: Robe              |     8 |       ||     8
Dodge: Dodged            |    22 |     5 ||    27

Table legend: (Time is in decaauts)
 A = Elapsed time spent in this place.
 B = Non-inter-level travel time spent in this place.
 C = Inter-level travel time spent in this place.
 D = Time resting spent in this place.
 E = Time spent auto-exploring this place.
 F = Levels seen in this place.
 G = Mean time per level.
                   A        B        C        D        E       F      G
               +--------+--------+--------+--------+--------+-----+--------+
         Total |   2598 |   2532 |     66 |     72 |   2093 |   3 |  866.0 |
       Dungeon |   2598 |   2532 |     66 |     72 |   2093 |   3 |  866.0 |
               +--------+--------+--------+--------+--------+-----+--------+

Top non-repeatable levels by time:
     D:2: 1077 daAuts
     D:1: 972 daAuts
     D:3: 547 daAuts
